 Dungeon Crawl Stone Soup version 0.28-a0-1493-g08698888e4 (webtiles) character file.

Game seed: 10338538529494150046

994 herbaltea the Covert (level 8, -1/74 HPs)
             Began as a Naga Delver on Jan 12, 2022.
             Was a Follower of Cheibriados.
             Slain by a gnoll (9 damage)
             ... on level 6 of the Dungeon on Jan 13, 2022.
             The game lasted 00:48:34 (4548 turns).

herbaltea the Covert (Naga Delver)                  Turns: 4548, Time: 00:48:35

Health: -1/74      AC:  9    Str: 18    XL:     8   Next: 19%
Magic:  8/8        EV: 10    Int: 17    God:    Cheibriados [*.....]
Gold:   75         SH:  0    Dex: 14    Spells: 7/7 levels left

rFire   . . .      SeeInvis +   j - +1 mace (holy)
rCold   . . .      Faith    .   (no shield)
rNeg    . . .      Spirit   .   m - +0 ring mail
rPois   +          Reflect  .   (no helmet)
rElec   .          Harm     .   (no cloak)
rCorr   .          Rampage  .   (no gloves)
Will    +....                   (no barding)
Stlth   ++++......              u - amulet of regeneration
HPRegen 1.02/turn               H - ring of Xiwnec {AC+4 Int+3}
MPRegen 0.11/turn               (no ring)

@: very slow
A: AC +2, large, see invisible, deformed body, poison resistance, slowness 2,
spit poison 1, naga tail 1
a: Spit Poison, Renounce Religion, Bend Time


You were on level 6 of the Dungeon.
You worshipped Cheibriados.
Cheibriados was aware of your devotion.
You visited 2 branches of the dungeon, and saw 8 of its levels.

You collected 220 gold pieces.
You spent 145 gold pieces at shops.

Inventory:

Hand Weapons
 a - a +0 hand axe
 j - a +1 mace of holy wrath (weapon)
 n - a +0 dagger
 y - a +0 war axe
 F - a +0 war axe
Missiles
 h - 117 stones (quivered)
 k - 18 sling bullets
 v - 37 bolts
 B - 3 poisoned darts
 D - 2 javelins
 E - a throwing net
Armour
 b - a +0 leather armour
 m - a +0 ring mail (worn)
Magical Staves
 q - a staff of air
 G - a staff of death
Jewellery
 u - an amulet of regeneration (around neck)
 H - the ring of Xiwnec (left hand) {AC+4 Int+3}
   (You bought it in a shop on level 4 of the Dungeon)

   [ring of protection]

   AC:        It affects your AC (+4).
   Int:       It affects your intelligence (+3).
Wands
 g - a wand of digging (3)
 M - a wand of flame (8)
Scrolls
 c - 2 scrolls of fog
 d - 2 scrolls of magic mapping
 e - a scroll of fear
 i - 3 scrolls of brand weapon {unknown}
 l - 2 scrolls of amnesia {unknown}
 r - 3 scrolls of teleportation
 s - 6 scrolls of identify {unknown}
 t - a scroll of vulnerability {unknown}
 w - a scroll of summoning {unknown}
 A - a scroll of acquirement {unknown}
 C - a scroll of enchant armour {unknown}
 K - a scroll of torment {unknown}
 O - a scroll of enchant weapon {unknown}
Potions
 f - a potion of haste
 o - a potion of lignification {unknown}
 p - 2 potions of flight {unknown}
 x - 2 potions of berserk rage {unknown}
 z - 5 potions of curing {unknown}
 I - a potion of heal wounds {unknown}
 J - a potion of degeneration {unknown}
 L - 3 potions of magic {unknown}
 N - a potion of attraction {unknown}


   Skills:
 + Level 5.1 Fighting
 * Level 6.1 Axes
 + Level 3.7 Dodging
 + Level 9.7 Stealth


You had 7 spell levels left.
You didn't know any spells.
Your spell library contained the following spells:

 Spells                   Type           Power      Damage    Failure   Level
 Magic Dart               Conj           0%         1d3       38%         1
 Call Imp                 Summ           0%         N/A       54%         2
 Corpse Rot               Necr/Air       0%         N/A       54%         2
 Poisonous Vapours        Pois/Air       0%         N/A       54%         2
 Mephitic Cloud           Conj/Pois/Air  0%         N/A       77%         3


Dungeon Overview and Level Annotations

Branches:
Dungeon (7/15)             Temple (1/1) D:4

Altars:
Ashenzari
Cheibriados
Dithmenos
Elyvilon
Fedhas
Gozag
Hepliaklqana
Kikubaaqudgha
Makhleb
Okawaru
Qazlal
Ru
Sif Muna
Trog
Uskayaw
Wu Jian
Xom
Yredelemnul
Zin
The Shining One
Beogh

Shops:
D:2 :   D:4 ([?*(*

Annotations:
D:4 acid dragon
D:6 3 runed translucent doors, vault runed gloves, JamezByez's ghost, novice MiBe


Innate Abilities, Weirdness & Mutations

Your serpentine skin is tough. (AC +2)
You have supernaturally acute eyesight. (SInv)
Armour fits poorly on your strangely shaped body.
Your system is resistant to poisons. (rPois)
You cover ground very slowly.
You can spit poison.
You have a snake-like lower body.


Message History

The steam dragon breathes steam at you. The ball of steam hits you!!
* * * LOW HITPOINT WARNING * * *
You hear a shout!
You hit the steam dragon. You punch the steam dragon.
The steam dragon is almost dead.
You are engulfed in a cloud of scalding steam.
* * * LOW HITPOINT WARNING * * *
The steam dragon bites you but does no damage.
The steam dragon barely misses you.
Unknown command.
Aiming: Spit Poison (1% risk of failure)
Press: ? - help, Shift-Dir - straight line, f/p - steam dragon
Aim: a steam dragon (almost dead, 64% to hit)
The splash of poison misses the steam dragon.
The steam dragon completely misses you. The steam dragon claws you.
* * * LOW HITPOINT WARNING * * *
Unknown command.
You hit the steam dragon but do no damage.
The steam dragon is almost dead.
The steam dragon bites you.
* * * LOW HITPOINT WARNING * * *
The steam dragon closely misses you.
The gnoll is engulfed in a cloud of scalding steam.
The gnoll hits you with a +0 flail.
* * * LOW HITPOINT WARNING * * *
The steam dragon bites you.
* * * LOW HITPOINT WARNING * * *
The steam dragon closely misses you.
You fail to use your ability.
You are engulfed in a cloud of scalding steam.
* * * LOW HITPOINT WARNING * * *
You have got your breath back.
The gnoll hits you with a +0 flail.
* * * LOW HITPOINT WARNING * * *
The steam dragon bites you.
* * * LOW HITPOINT WARNING * * *
The steam dragon claws you but does no damage.
The gnoll hits you with a +0 flail!
You die...

.##.# #..........#
.##.# #.#.<......#
.##.###.##.....#.#
................#..
..#####.##.....#.## ..#
#.##.....#.# ..#
#.##.#####.### ..#
#.##.# #§ggD.# .##
#.##.# #§§@..##.# .#
#.##.# #........#
.######.##.###.....####
................(..#
...............#####
.############### .# ##


You could see a steam dragon and 2 gnolls.

Vanquished Creatures
  A water moccasin (D:6)
  An ice beast (D:5)
  2 sky beasts (D:5)
  An ogre (D:4)
  A phantom (D:6)
  2 scorpions (D:6)
  A jelly (D:5)
  A hound (D:5)
  2 iguanas (D:5)
  A hound skeleton (D:4)
  A gnoll (D:3)
  8 adders
  3 ufetubi (D:5)
  An adder skeleton (D:4)
  A worm (D:2)
  3 dart slugs
  3 orcs (D:3)
  8 ball pythons
  7 bats
  12 endoplasms
  12 goblins
  6 hobgoblins
  5 jackals
  4 quokkas
  3 training dummies (D:4)
  7 frilled lizards
  5 kobolds
  6 rats
108 creatures vanquished.

Notes
Turn   | Place    | Note
-------+----------+-------------------------------------------
     0 | D:5      | herbaltea the Naga Delver began the quest for the Orb.
     0 | D:5      | Reached XP level 1. HP: 21/21 MP: 1/1
    19 | D:5      | Noticed a sky beast
    72 | D:5      | Noticed a hound
    92 | D:4      | Reached XP level 2. HP: 11/28 MP: 2/2
   279 | D:4      | Found Huabai Saqoi's Armour Boutique.
   653 | D:1      | Reached XP level 3. HP: 23/34 MP: 3/3
   705 | D:1      | Found a faded altar of an unknown god.
  1004 | D:1      | Noticed a redback
  1004 | D:1      | Noticed a wolf
  1004 | D:1      | Noticed a snapping turtle
  1004 | D:1      | Noticed a black bear
  1465 | D:2      | Reached XP level 4. HP: 31/42 MP: 4/4
  2135 | D:2      | Found Nyelij's Book Boutique.
  2589 | D:3      | Reached XP level 5. HP: 46/49 MP: 5/5
  2603 | D:3      | Reached skill level 8 in Stealth
  2934 | D:4      | Found Etoal's General Store.
  2951 | D:4      | Bought a scroll of teleportation for 33 gold pieces
  2957 | D:4      | Found Raq Zuu's Firing Range.
  3053 | D:4      | Noticed an ogre
  3067 | D:4      | Killed an ogre
  3068 | D:4      | Reached XP level 6. HP: 55/57 MP: 6/6
  3073 | D:4      | Found Lebeipac's Magic Scroll Shop.
  3221 | D:4      | Found a staircase to the Ecumenical Temple.
  3230 | Temple   | Entered the Ecumenical Temple
  3640 | Temple   | Became a worshipper of Cheibriados the Contemplative
  3692 | D:4      | Found Hoshridet's Antique Weapon Boutique.
  3743 | D:4      | Found Copniofink's Assorted Antiques.
  3749 | D:4      | Bought a crude pewter ring for 95 gold pieces
  3749 | D:4      | Identified the ring of Xiwnec {AC+4 Int+3} (You bought it
                  | in a shop on level 4 of the Dungeon)
  3749 | D:4      | Bought a fizzy grey potion for 17 gold pieces
  3950 | D:5      | Noticed an acid dragon
  3993 | D:5      | Noticed an ice beast
  4001 | D:4      | HP: 1/57 [acid dragon/splash of acid (21)]
  4179 | D:5      | Killed a sky beast
  4180 | D:5      | Reached XP level 7. HP: 62/66 MP: 7/7
  4193 | D:5      | Reached skill level 5 in Axes
  4193 | D:5      | Reached skill level 9 in Stealth
  4449 | D:6      | Reached * piety under Cheibriados
  4485 | D:6      | Reached XP level 8. HP: 68/73 MP: 8/8
  4492 | D:6      | Found a runed translucent gate.
  4492 | D:6      | Found a runed translucent gate.
  4493 | D:6      | Found a runed translucent gate.
  4494 | D:6      | Noticed JamezByez's ghost (novice MiBe)
  4508 | D:6      | Reached skill level 5 in Fighting
  4548 | D:6      | Slain by a gnoll

Illustrated notes

Levels and vault maps discovered:
D:1:      onia_arrival_zoo_common, layout_basic,
          ebering_ecumenical_altar_sacrificial, minmay_misc_feat_five,
          ebering_dispersal_statue_hall
D:2:      layout_loops_cross, serial_shops, nicolae_shop_trees,
          minmay_fractal_squares_5
D:3:      minmay_chambers_of_twos, layout_basic
D:4:      layout_rooms, minmay_temple_entry_glassed_door, serial_shops,
          nicolae_shop_hallway_stairs, nicolae_shop_behind_doors, shop, shop,
          nicolae_shop_waterfront, minmay_misc_feat_cross,
          nicolae_shop_firing_range
D:5:      layout_gridville, serial_glass, glass_columns_a, glass_columns_c,
          glass_columns_a, glass_columns_b, glass_columns_a, glass_columns_b
D:6:      layout_loops_ring, biasface_ghost_orc_armoury, uniq_crazy_yiuf_cottage
D:7:      layout_basic, nicolae_shop_overcharged_wands
Temple:   mainiacjoe_temple_cubbyholes

Skill      XL: |  1  2  3  4  5  6  7  8 |
---------------+-------------------------+-----
Dodging        | 2 3 |  3.7
Axes           | 3 4 5 6 |  6.1
Stealth        | 8 9 |  9.7
Fighting       | 4 5 |  5.1

Action                   |  1- 3 |  4- 6 |  7- 9 || total
-------------------------+-------+-------+-------++-------
Melee: Hand axe          |    11 |       |       ||    11
       Mace              |    35 |   102 |    52 ||   189
       Punch             |       |     1 |     2 ||     3
Throw: Stone             |       |     1 |       ||     1
 Abil: Spit Poison       |    41 |    73 |    20 ||   134
Evoke: Wand              |       |     3 |     3 ||     6
  Use: Scroll            |       |     1 |       ||     1
 Stab: Sleeping          |       |     1 |     1 ||     2
Armor: Leather armour    |     7 |       |       ||     7
       Ring mail         |    12 |    54 |    41 ||   107
Dodge: Dodged            |    29 |    63 |    42 ||   134

Table legend: (Time is in decaauts)
 A = Elapsed time spent in this place.
 B = Non-inter-level travel time spent in this place.
 C = Inter-level travel time spent in this place.
 D = Time resting spent in this place.
 E = Time spent auto-exploring this place.
 F = Levels seen in this place.
 G = Mean time per level.
                   A        B        C        D        E       F      G
               +--------+--------+--------+--------+--------+-----+--------+
         Total |   6350 |   5568 |    782 |    235 |    536 |   8 |  793.8 |
       Dungeon |   5712 |   5160 |    552 |    235 |    140 |   7 |  816.0 |
        Temple |    638 |    408 |    230 |      0 |    396 |   1 |  638.0 |
               +--------+--------+--------+--------+--------+-----+--------+

Top non-repeatable levels by time:
     D:3: 1422 daAuts
     D:1: 1128 daAuts
     D:5: 1084 daAuts
     D:2: 970 daAuts
     D:4: 948 daAuts
  Temple: 638 daAuts
     D:6: 149 daAuts
     D:7: 7 daAuts
